 Dungeon Crawl Stone Soup version 0.32-a0-314-g526f7d4993 (webtiles) character file.

Game seed: 10899239014407362422

816 Bnni the Cleaver (level 7, -8/64 HPs)
             Began as a Mountain Dwarf Fighter on Feb 16, 2024.
             Was an Initiate of Beogh.
             Killed from afar by Dowan (22 damage)
             ... with a shard of ice
             ... on level 5 of the Dungeon.
             The game lasted 00:09:17 (4345 turns).

Bnni the Cleaver (Mountain Dwarf Fighter)           Turns: 4345, Time: 00:09:18

Health: -8/64      AC:  9    Str: 21    XL:     7   Next: 62%
Magic:  7/7        EV:  7    Int:  8    God:    Beogh [......]
Gold:   335        SH:  4    Dex:  9    Spells: 6/6 levels left

rFire   + . .        g - +2 short sword (venom)
rCold   + . .        c - +0 buckler
rNeg    . . .        l - +0 chain mail
rPois   .            (no helmet)
rElec   .            t - scarf {rC+ rF+}
rCorr   .            (no gloves)
SInv    .            (no boots)
Will    .....        (no amulet) Stlth
                     (no ring)
HPRegen 0.30/turn    (no ring)
MPRegen 0.10/turn

%: no passive effects
@: lethally poisoned (-8 -> -13)
A: runic magic, artefact enchanting
a: Renounce Religion


You were on level 5 of the Dungeon.
You worshipped Beogh.
Beogh was noncommittal.
You visited 1 branch of the dungeon, and saw 5 of its levels.

You collected 335 gold pieces.

Inventory:

Hand Weapons
 a - a +0 war axe
 g - a +2 short sword of venom (weapon)
 v - a +0 whip of draining
Missiles
 f - 3 darts of dispersal (quivered)
 w - 5 poisoned darts
Armour
 c - a +0 buckler (worn)
 l - a +0 chain mail (worn)
 t - a scarf of resistance (worn)
Jewellery
 u - a ring of wizardry
Wands
 r - a wand of iceblast (1)
 s - a wand of quicksilver (6)
Scrolls
 b - a scroll of vulnerability {unknown}
 e - 2 scrolls of identify {unknown}
 h - a scroll of brand weapon {unknown}
 m - 2 scrolls of teleportation {unknown}
 n - a scroll of noise {unknown}
 q - a scroll of enchant armour {unknown}
 x - a scroll of revelation {unknown}
 y - a scroll of poison {unknown}
Potions
 d - 2 potions of might
 i - a potion of haste {unknown}
 j - a potion of curing
 k - 2 potions of attraction {unknown}
 o - a potion of ambrosia {unknown}
 p - a potion of lignification {unknown}


   Skills:
 + Level 6.3 Fighting
 * Level 8.7 Axes
 - Level 3.2 Armour
 - Level 3.2 Shields


You had 6 spell levels left.
You didn't know any spells.
Your spell library contained the following spells:

 Spells                   Type           Power      Damage    Failure   Level
 Freeze                   Ice            0%         1d3       65%         1
 Ensorcelled Hibernation  Hex/Ice        0%         N/A       78%         2
 Dazzling Flash           Conj/Hex       0%         N/A       95%         3
 Frozen Ramparts          Ice            0%         1d1       95%         3
 Hailstorm                Conj/Ice       0%         3d5       95%         3
 Mephitic Cloud           Conj/Alch/Air  0%         N/A       95%         3
 Passwall                 Erth           0%         N/A       95%         3
 Swiftness                Air            0%         N/A       95%         3
 Curse of Agony           Necr           0%         N/A       100%        5
 Iskenderun's Battlesphe  Conj           0%         2d6       100%        5
 Silence                  Hex/Air        0%         N/A       100%        5
 Bombard                  Conj/Erth      0%         9d1       100%        6
 Spellforged Servitor     Conj/Summ      0%         N/A       100%        7


Dungeon Overview and Level Annotations

Branches:
Dungeon (5/15)
 Temple: D:4-7

Altars:
Makhleb

Annotations:
D:5 Dowan


Innate Abilities, Weirdness & Mutations

Your spellcasting is much less encumbered by armour.
You can use scrolls of enchantment on lesser artefacts.


Message History

You block Dowan's attack.
You barely miss Dowan.
Dowan is moderately wounded.
You feel very sick. You block Dowan's attack.
Unknown command.
You closely miss Dowan.
Dowan is moderately wounded.
You feel very sick. You block Dowan's attack. Dowan barely misses you.
Unknown command.
You barely miss Dowan.
Dowan is moderately wounded.
You feel very sick. Dowan gestures at you while chanting.
The stone arrow hits you!
* * * LOW HITPOINT WARNING * * *
Unknown command.
It was a potion of curing.
You feel better. Dowan barely misses you.
Dowan hits you with a +5 dagger of venom.
* * * LOW HITPOINT WARNING * * *
You are poisoned.
Unknown command.
You closely miss Dowan.
Dowan is moderately wounded.
You feel very sick. Dowan hits you but does no damage.
You are lethally poisoned!
Unknown command.
You feel better. You block Dowan's attack.
Dowan hits you with a +5 dagger of venom.
* * * LOW HITPOINT WARNING * * *
You are poisoned.
Unknown command.
You closely miss Dowan.
Dowan is moderately wounded.
You feel very sick. Dowan gestures at you while chanting.
The shard of ice hits you!! You partially resist.
You die...

#.........##......##..
##.......####......#.
.......### ##..ee......
#.##.....###....#######
.. #.......#....# <
#...........##
......##.....###
#.##....##......##### #
#.........##e@)..#++#
...#...##..######....#
....#.......# ######
.## .......## .>...###
.... ...


You could see Dowan (fast).

Vanquished Creatures
  Grinder (D:3)
  Duvessa (D:5)
  A scorpion (D:5)
  A howler monkey (D:4)
  A hound (D:5)
  2 bombardier beetles (D:3)
  A gnoll bouda (D:4)
  An iguana (D:4)
  Ijyb (D:3)
  Natasha (D:2)
  Terence (D:3)
  6 gnolls
  2 adders (D:4)
  2 ribbon worms (D:2)
  7 orcs
  3 bats
  7 endoplasms
  3 giant cockroaches
  7 goblins
  7 hobgoblins
  2 jackals (D:4)
  9 kobolds
  A quokka (D:1)
  5 ball pythons
  2 frilled lizards
  6 rats
81 creatures vanquished.

Notes
Turn   | Place    | Note
-------+----------+-------------------------------------------
     0 | D:1      | Bnni the Mountain Dwarf Fighter began the quest for the
                  | Orb.
     0 | D:1      | Reached XP level 1. HP: 19/19 MP: 1/1
    70 | D:1      | Reached skill level 3 in Axes
   100 | D:1      | Reached XP level 2. HP: 26/26 MP: 2/2
   209 | D:1      | HP: 1/26 [poisoned by a kobold]
   643 | D:1      | Found a faded altar of an unknown god.
   648 | D:1      | Reached XP level 3. HP: 33/33 MP: 3/3
   945 | D:2      | Reached skill level 4 in Axes
  1508 | D:2      | Noticed Natasha
  1517 | D:2      | Killed Natasha
  1518 | D:2      | Reached XP level 4. HP: 12/40 MP: 4/4
  1962 | D:3      | Noticed Terence
  1971 | D:3      | Killed Terence
  1972 | D:3      | Reached skill level 5 in Axes
  2073 | D:3      | Reached XP level 5. HP: 44/47 MP: 5/5
  2292 | D:3      | Identified the +4 dagger "Acsampil" {chaos, Str+4}
  2445 | D:3      | Reached skill level 6 in Axes
  2567 | D:3      | Noticed Grinder
  2598 | D:3      | HP: 2/47 [Grinder (1)]
  2600 | D:3      | Paralysed by Grinder for 2 turns
  2604 | D:3      | Paralysed by Grinder for 5 turns
  2851 | D:3      | Killed Grinder
  2852 | D:3      | Reached skill level 5 in Fighting
  2852 | D:3      | Reached skill level 7 in Axes
  2852 | D:3      | Reached XP level 6. HP: 13/56 MP: 6/6
  3026 | D:3      | Noticed Ijyb
  3038 | D:3      | Killed Ijyb
  3100 | D:3      | Found a burning altar of Makhleb.
  3427 | D:4      | Became a worshipper of Beogh the Shepherd
  3512 | D:4      | Reached XP level 7. HP: 58/62 MP: 7/7
  3760 | D:4      | HP: 2/53 [gnoll bouda/+0 club (1)]
  3766 | D:4      | Reached skill level 8 in Axes
  4165 | D:5      | Entered Level 5 of the Dungeon
  4293 | D:5      | Noticed Dowan
  4294 | D:5      | Noticed Duvessa
  4332 | D:5      | Killed Duvessa
  4345 | D:5      | Killed from afar by Dowan

Illustrated notes

Levels and vault maps discovered:
D:1:      roderic_chinese_lattice_arrival, layout_loops_cross,
          shapermc_ecumenical_altar_mp_urbaneastern, kennysheep_pointless_box
D:2:      layout_basic, lightli_corner_chamber, uniq_natasha
D:3:      layout_basic, nicolae_overflow_hidden_temple, uniq_grinder,
          uniq_terence, uniq_ijyb
D:4:      layout_basic
D:5:      layout_cave_pools, blue_anna_alchemist, uniq_duvessa, uniq_sigmund

Skill      XL: |  1  2  3  4  5  6  7 |
---------------+----------------------+-----
Axes           | 3 4 5 7 8 |  8.7
Fighting       | 4 5 6 |  6.3
Armour         | |  3.2
Shields        | |  3.2

Action                     |  1- 3 |  4- 6 |  7- 9 || total
---------------------------+-------+-------+-------++-------
  Melee: War axe           |    13 |       |       ||    13
         Short sword       |    88 |   169 |    67 ||   324
         Whip              |       |       |    47 ||    47
 Invoke: Convert to Beogh  |       |     1 |       ||     1
    Use: Potion            |     1 |     1 |     3 ||     5
 Armour: Scale mail        |    33 |       |       ||    33
         Chain mail        |    18 |   131 |    71 ||   220
  Dodge: Dodged            |    31 |    49 |    36 ||   116
  Block: Buckler           |     8 |    13 |    28 ||    49

Table legend: (Time is in decaauts)
 A = Elapsed time spent in this place.
 B = Non-inter-level travel time spent in this place.
 C = Inter-level travel time spent in this place.
 D = Time resting spent in this place.
 E = Time spent auto-exploring this place.
 F = Levels seen in this place.
 G = Mean time per level.
                   A        B        C        D        E       F      G
               +--------+--------+--------+--------+--------+-----+--------+
         Total |   4355 |   4195 |    160 |    285 |   3082 |   5 |  871.0 |
       Dungeon |   4355 |   4195 |    160 |    285 |   3082 |   5 |  871.0 |
               +--------+--------+--------+--------+--------+-----+--------+

Top non-repeatable levels by time:
     D:2: 1293 daAuts
     D:3: 1059 daAuts
     D:4: 962 daAuts
     D:1: 864 daAuts
     D:5: 174 daAuts
